 Dungeon Sprint DCSS version 0.27.1-33-g824d729ab1 (webtiles) character file.

Game seed: 5803412315680703441

2278 Hipnos the Imperceptible (level 9, -3/39 HPs)
             Began as a Spriggan Enchanter on Nov 25, 2021.
             Was a Believer of Dithmenos.
             Slain by a centaur warrior (11 damage)
             ... in the Dungeon (Sprint I: "Red Sonja").
             The game lasted 00:03:27 (1276 turns).

Hipnos the Imperceptible (Spriggan Enchanter)       Turns: 1276, Time: 00:03:29

Health: -3/39      AC:  2    Str:  4    XL:     9   Next: 16%
Magic:  21/21      EV: 17    Int: 17    God:    Dithmenos [**....]
Gold:   841        SH:  0    Dex: 18    Spells: 14/23 levels left

rFire    . . .     SeeInvis +   a - +1 dagger
rCold    . . .     Faith    .   (shield restricted)
rNeg     . . .     Spirit   .   b - +0 robe
rPois    .         Reflect  .   (helmet restricted)
rElec    .         Harm     .   (no cloak)
rCorr    .         Rampage  .   (gloves unavailable)
Will     +....     NoTele   +   (boots unavailable)
Stlth    ++++++....             (no amulet)
HPRegen  0.13/turn              (no ring)
MPRegen  0.17/turn              (no ring)

@: wreathed by umbra, slow
A: very small, no large weapons, unfitting armour, see invisible, speed 3
a: Renounce Religion, Shadow Step


You were in the Dungeon.
You worshipped Dithmenos.
Dithmenos was pleased with you.
You visited 1 branch You collected 841 gold pieces.

Inventory:

Hand Weapons
 a - a +1 dagger (weapon)
Armour
 b - a +0 robe (worn)
Scrolls
 g - a scroll of identify {unknown}
 h - a scroll of blinking
 i - a scroll of vulnerability {unknown}
 j - a scroll of magic mapping {unknown}
Potions
 c - 4 potions of curing
 d - a potion of heal wounds
 e - a potion of haste
 f - 2 potions of magic


   Skills:
 + Level 4.0 Short Blades
 - Level 2.6 Dodging
 + Level 23.5 Stealth
 + Level 7.9 Spellcasting
 + Level 11.6 Hexes


You had 14 spell levels left.
You knew the following spells:

 Your Spells              Type           Power      Damage    Failure   Level
a - Corona                Hex            51%        N/A       1%          1
b - Ensorcelled Hibernat  Hex/Ice        52%        N/A       1%          2
c - Confusing Touch       Hex            46%        N/A       1%          3
d - Dazzling Flash        Conj/Hex       52%        N/A       3%          3

Your spell library contained the following spells:

 Spells                   Type           Power      Damage    Failure   Level
 Tukima's Dance           Hex            46%        N/A       1%          3


Dungeon Overview and Level Annotations

Branches:
Dungeon (1/1)

Altars:
Cheibriados
Dithmenos
Elyvilon
Fedhas
Gozag
Hepliaklqana
Kikubaaqudgha
Makhleb
Nemelex Xobeh
Okawaru
Qazlal
Ru
Sif Muna
Trog
Uskayaw
Vehumet
Wu Jian
Xom
Yredelemnul
Zin
The Shining One
Jiyva
Lugonu

Shops:
D [=[


Innate Abilities, Weirdness & Mutations

You are very small and have problems with some larger weapons.
You are too small for most types of armour.
You have supernaturally acute eyesight. (SInv)
You cover ground extremely quickly. (Speed+++)


Message History

Which direction?
You close the door.
There is an open door here.
You see here a +0 trident.
You start resting.
Magic restored.
You start resting.
HP restored.
There is an open door here.
You open the door.
There is an open door here.
Found Usenk's Antique Armour Boutique.
There is an entrance to Usenk's Antique Armour Boutique here.
There is an open door here.
There is an open door here.
There is an open door, spattered with blood here.
You see here 25 arrows.
You open the door.
A centaur warrior comes into view.
There is an open door here.
You enter the shallow water.
Moving in this stuff is going to be slow.
A centaur warrior comes into view.
The centaur warrior shouts!
The centaur warrior wields a +0 longbow.
The centaur warrior shoots an arrow.
The arrow hits you!!
Ouch! That really hurt!
* * * LOW HITPOINT WARNING * * *
The centaur warrior hits you but does no damage.
The centaur warrior kicks you.
* * * LOW HITPOINT WARNING * * *
The centaur warrior shoots an arrow.
The arrow barely misses you.
Found 11 gold pieces and a hunting sling.
You feel much better. The centaur warrior misses you.
The centaur warrior closely misses you.
The centaur warrior shoots an arrow.
The arrow hits you!!
Ouch! That really hurt!
* * * LOW HITPOINT WARNING * * *
The centaur warrior hits you!
You die...

########################
.#..'..#.)'..#__#s.'..)#
.)..#.)'..#..+^s's.#...##+#
.#####'#####'#s_####)..'..#
.####..#...#)####§§#####..+
.#__####..##.#§≈§§c# +##
.#_____##'#_.+§§≈§§+
⌠#_.∩...').._#≈§@c.#
##_..__##_.#'##§####
#_____###'#.#§.).###
##########.####§###[##
........'...'.....'.∩#
#++++####...##########
###.### #.#'#.# #.....#


You could see 2 centaur warriors.

Vanquished Creatures
  Sonja (D)
  A deep troll (D)
  2 kobold demonologists (D)
  A slime creature (D)
  Sigmund (D)
  A yak (D)
  A floating eye (D)
  An ogre (D)
  A jelly (D)
  Ijyb (D)
  A ballistomycete spore (D)
12 creatures vanquished.

Vanquished Creatures (others)
  A gargoyle (D)
  A ballistomycete spore (D)
2 creatures vanquished.

Grand Total: 14 creatures vanquished

Notes
Turn   | Place    | Note
-------+----------+-------------------------------------------
     0 | D        | Hipnos the Spriggan Enchanter began the quest for the Orb.
     0 | D        | Reached XP level 1. HP: 9/9 MP: 5/5
     1 | D        | Noticed Ijyb
    12 | D        | Killed Ijyb
    13 | D        | Reached skill level 10 in Stealth
    13 | D        | Reached XP level 2. HP: 4/13 MP: 6/6
    43 | D        | Learned a level 2 spell: Ensorcelled Hibernation
   331 | D        | Killed a gargoyle
   351 | D        | Noticed an ogre
   354 | D        | Killed an ogre
   355 | D        | Reached skill level 14 in Stealth
   355 | D        | Reached XP level 3. HP: 16/16 MP: 8/8
   355 | D        | Reached XP level 4. HP: 21/21 MP: 9/9
   363 | D        | Noticed Sigmund
   366 | D        | Killed Sigmund
   367 | D        | Reached skill level 17 in Stealth
   367 | D        | Reached XP level 5. HP: 24/24 MP: 10/10
   378 | D        | Found an ornate altar of the Wu Jian Council.
   378 | D        | Found a shimmering blue altar of Sif Muna.
   380 | D        | Found a radiant altar of Vehumet.
   385 | D        | Reached skill level 18 in Stealth
   385 | D        | Reached XP level 6. HP: 28/28 MP: 11/11
   387 | D        | Found Upohaz's Jewellery Emporium.
   387 | D        | Found an ancient bone altar of Kikubaaqudgha.
   387 | D        | Found a hazy altar of Hepliaklqana.
   387 | D        | Found a stormy altar of Qazlal.
   387 | D        | Found a hide-covered altar of Uskayaw.
   387 | D        | Found a blossoming altar of Fedhas.
   387 | D        | Found a bloodstained altar of Trog.
   387 | D        | Found an iron altar of Okawaru.
   387 | D        | Found a basalt altar of Yredelemnul.
   387 | D        | Found a glowing golden altar of the Shining One.
   387 | D        | Found a snail-covered altar of Cheibriados.
   387 | D        | Found a sacrificial altar of Ru.
   387 | D        | Found a glowing silver altar of Zin.
   387 | D        | Found a shadowy altar of Dithmenos.
   387 | D        | Found a white marble altar of Elyvilon.
   387 | D        | Noticed a yak
   388 | D        | Found an opulent altar of Gozag.
   389 | D        | Killed a yak
   390 | D        | Reached skill level 20 in Stealth
   390 | D        | Found a sparkling altar of Nemelex Xobeh.
   396 | D        | Became a worshipper of Dithmenos the Shadowed
   453 | D        | Noticed Sonja
   458 | D        | Killed Sonja
   459 | D        | Reached skill level 21 in Stealth
   459 | D        | Reached skill level 5 in Spellcasting
   459 | D        | Reached XP level 7. HP: 14/32 MP: 5/16
   644 | D        | Noticed a deep troll
   648 | D        | Killed a deep troll
   649 | D        | Reached skill level 22 in Stealth
   649 | D        | Reached skill level 10 in Hexes
   649 | D        | Reached XP level 8. HP: 36/36 MP: 16/19
   658 | D        | Found Rasm's Armour Emporium.
   798 | D        | Found a burning altar of Makhleb.
   798 | D        | Found a viscous altar of Jiyva.
   798 | D        | Found a shimmering altar of Xom.
   798 | D        | Found a corrupted altar of Lugonu.
   798 | D        | Noticed a slime creature
   801 | D        | Killed a slime creature
   801 | D        | Reached * piety under Dithmenos
   813 | D        | Noticed a kobold demonologist
   814 | D        | Noticed a kobold demonologist
   817 | D        | Killed a kobold demonologist
   818 | D        | Reached skill level 23 in Stealth
   819 | D        | Killed a kobold demonologist
   820 | D        | Reached XP level 9. HP: 39/39 MP: 19/21
   821 | D        | Reached ** piety under Dithmenos
   826 | D        | Noticed a demonic crawler
   826 | D        | Noticed a demonic crawler
   826 | D        | Noticed a demonic crawler
   826 | D        | Noticed a demonic crawler
   839 | D        | Learned a level 3 spell: Confusing Touch
   843 | D        | Learned a level 3 spell: Dazzling Flash
  1246 | D        | Found Usenk's Antique Armour Boutique.
  1274 | D        | Noticed a centaur warrior
  1275 | D        | Noticed a centaur warrior
  1276 | D        | Slain by a centaur warrior

Illustrated notes

Levels and vault maps discovered:
D:        dungeon_sprint_1 [red_sonja_temple_1, red_sonja_temple_small_1]

Skill      XL: |  1  2  3  4  5  6  7  8  9 |
---------------+----------------------------+-----
Stealth        | 10 14 17 18 21 22 23 | 23.5
Short Blades   | 2 3 4 |  4.0
Spellcasting   | 5 6 7 |  7.9
Hexes          | 8 10 11 | 11.6
Dodging        | |  2.6

Action                   |  1- 3 |  4- 6 |  7- 9 || total
-------------------------+-------+-------+-------++-------
Melee: Dagger            |    11 |     4 |     8 ||    23
 Cast: Ensorcelled Hiber |       |     3 |     1 ||     4
       Dazzling Flash    |       |       |     2 ||     2
  Use: Potion            |     1 |       |     1 ||     2
 Stab: Sleeping          |     1 |     4 |     6 ||    11
Armor: Robe              |       |       |     2 ||     2
Dodge: Dodged            |     2 |     1 |    18 ||    21
